 Dungeon Crawl Stone Soup version 0.27-a0-953-g496ac5b (webtiles) character file.

Game seed: 8107308546473149314

13982 Nithhogg the Fiendish (level 11, 0/104 HPs)
             Began as a Deep Dwarf Fighter on Apr 11, 2021.
             Was a Priest of Makhleb.
             Slain by an orc warlord
             ... wielding a +4 vorpal great sword
              (3 damage)
             ... on level 10 of the Dungeon.
             The game lasted 00:20:26 (9281 turns).

Nithhogg the Fiendish (Deep Dwarf Fighter)          Turns: 9281, Time: 00:20:26

Health: 0/104      AC: 19    Str: 26    XL:     11   Next: 82%
Magic:  9/9        EV: 11    Int:  8    God:    Makhleb [***...]
Gold:   633        SH:  0    Dex: 12    Spells: 10/10 levels left

rFire    . . .     SeeInvis .   n - +2 battleaxe (elec)
rCold    . . .     Faith    .   (shield currently unavailable)
rNeg     . . .     Spirit   .   i - +1 plate armour
rPois    .         Reflect  .   (no helmet)
rElec    .         Harm     .   (no cloak)
rCorr    +         Rampage  .   (no gloves)
Will     +....                  B - +2 pair of boots
Stlth    ..........             (no amulet)
HPRegen  0.00/turn              h - ring of resist corrosion
MPRegen  0.11/turn              (no ring)

@: non-regenerating, hasted and slowed
A: damage resistance, heal wounds, sense surroundings 2, no regeneration, fangs
1, strong 1, evolution 1
a: Heal Wounds, Renounce Religion, Minor Destruction, Lesser Servant of Makhleb


You were on level 10 of the Dungeon.
You worshipped Makhleb.
Makhleb was most pleased with you.
You visited 3 branches of the dungeon, and saw 13 of its levels.

You collected 721 gold pieces.
You spent 88 gold pieces at shops.

Inventory:

Hand Weapons
 a - a +1 war axe
 n - a +2 battleaxe of electrocution (weapon)
 J - a +3 scimitar of flaming
Missiles
 I - 9 curare-tipped darts
Armour
 b - a +0 scale mail
 c - a +0 kite shield
 i - a +1 plate armour (worn)
 y - a +0 helmet
 B - a +2 pair of boots (worn)
Jewellery
 h - a ring of resist corrosion (left hand)
 K - a ring of protection from cold
 L - a ring of magical power
Wands
 j - a wand of polymorph (10)
 x - a wand of charming (3)
 E - a wand of flame (23)
 H - a wand of paralysis (8)
 N - a wand of acid (12) (quivered)
Scrolls
 k - a scroll of vulnerability
 p - 3 scrolls of magic mapping
 t - 2 scrolls of amnesia
 u - 3 scrolls of immolation
 w - 3 scrolls of teleportation
 A - 2 scrolls of noise
 D - a scroll of enchant armour
 G - a scroll of torment
Potions
 d - 3 potions of cancellation
 e - a potion of lignification
 f - 2 potions of invisibility
 g - 2 potions of brilliance
 l - 8 potions of attraction
 m - a potion of magic
 o - a potion of haste
 q - 2 potions of curing
 r - 2 potions of degeneration
 s - a potion of flight
 v - a potion of ambrosia
 z - 3 potions of heal wounds {unknown}
 C - a potion of might
 F - a potion of berserk rage {unknown}


   Skills:
 + Level 8.4 Fighting
 + Level 9.8 Axes
 + Level 10.1 Armour
 + Level 9.4 Dodging
 - Level 3.2 Shields
 + Level 11.0 Invocations


You had 10 spell levels left.
You didn't know any spells.
Your spell library contained the following spells:

 Spells                   Type           Power      Damage    Failure   Level
 Sting                    Tmut/Pois      0%         1d3       99%         1
 Ensorcelled Hibernation  Hex/Ice        0%         N/A       99%         2
 Poisonous Vapours        Pois/Air       0%         N/A       99%         2
 Ignite Poison            Fire/Tmut/Pois 0%         N/A       100%        3
 Mephitic Cloud           Conj/Pois/Air  0%         N/A       100%        3
 Animate Armour           Summ/Erth      0%         N/A       100%        4
 Olgreb's Toxic Radiance  Pois           0%         N/A       100%        4
 Borgnjor's Vile Clutch   Necr/Erth      0%         N/A       100%        5
 Silence                  Hex/Air        0%         N/A       100%        5
 Summon Forest            Summ/Tloc      0%         N/A       100%        5
 Summon Mana Viper        Hex/Summ       0%         N/A       100%        5
 Shadow Creatures         Summ           N/A        N/A       100%        6
 Summon Hydra             Summ           0%         N/A       100%        7


Dungeon Overview and Level Annotations

Branches:
Dungeon (11/15)            Temple (1/1) D:7            Lair (0/6) D:10
    Orc (1/2) D:10

Altars:
Ashenzari
Cheibriados
Dithmenos
Elyvilon
Fedhas
Gozag
Hepliaklqana
Kikubaaqudgha
Makhleb
Nemelex Xobeh
Okawaru
Qazlal
Ru
Sif Muna
Trog
Uskayaw
Vehumet
Wu Jian
Xom
Yredelemnul
Zin
The Shining One

Shops:
D:4 *   D:5 [   D:6 :(![?   D:8 ?(=:[


Innate Abilities, Weirdness & Mutations

You are resistant to damage.
You can heal yourself by infusing magical energy.
You passively map the area around you.
You do not regenerate.
You have very sharp teeth.
Your muscles are strong. (Str +2)
You evolve.


Message History

Your smoke demon hits the orc warrior but does no damage.
Your smoke demon hits the orc warrior.
Your smoke demon closely misses the orc warrior.
The orc warlord hits you with a +4 vorpal great sword.
The orc warrior hits you from afar with a +0 trident!
* * * LOW HITPOINT WARNING * * *
The orc warrior hits you with a +0 hand axe!
* * * LOW HITPOINT WARNING * * *
The orc warrior barely misses your smoke demon.
Your smoke demon closely misses the orc warrior.
Your smoke demon hits the orc warrior but does no damage. x2
The orc warlord roars a battlecry!
The orc goes into a battle-frenzy!
Okay, then.
Your magical essence is drained by the effort!
You feel much better.
The orc warrior burns! x2
The orc warrior barely misses you. x2
The orc warrior hits your smoke demon but does no damage.
Your smoke demon hits the orc warrior but does no damage. x3
The orc warlord hits you with a +4 vorpal great sword.
The orc warrior closely misses you.
The orc warrior burns!
The orc warrior dies!
Makhleb accepts your kill.
Your smoke demon hits the orc. x2; Your smoke demon barely misses the orc.
The orc hits your smoke demon with a +0 whip!
The orc warlord barely misses you.
Your smoke demon hits the orc warrior but does no damage. x2
Your smoke demon hits the orc warrior.
You feel yourself speed up.
The orc warrior no longer looks unusually strong.
The orc warrior barely misses you. The orc barely misses your smoke demon.
The orc hits you with a +0 hand axe.
The orc hits your smoke demon but does no damage.
Your smoke demon hits the orc warrior but does no damage.
Your smoke demon closely misses the orc warrior.
Your smoke demon hits the orc warrior but does no damage.
The orc warlord hits you with a +4 vorpal great sword!!
* * * LOW HITPOINT WARNING * * *
You die...

#..# ###.#####...# #.# ##.##
#.####..### ##.# #..#
#......## #..#
##'#########'######### #.##
#...#...###..........## #.#
#.#.#.#.'.#..o........#####.##
#.#.#.#.#.#..o3...≈≈...#......
#.#.###.#.#.oo)...≈⌠..........
#.#.....#.#..@.....≈≈..#......
#.#####.#.'............#......
#.......###..........#########
######'## #..........# # #...#
##'######### ## ######.###
#....### #. #......# ####...#
#. ##'###### #####'## ######'
#.......# #......#####......


You could see an orc warlord, an orc warrior (ally target), 2 orcs and a
friendly smoke demon (summoned).

Vanquished Creatures
  A boulder beetle (D:11)
  Erica (D:9)
  4 two-headed ogres
  A cyclops (D:11)
  Maurice (D:9)
  2 freezing wraiths (D:11)
  A hornet (D:9)
  2 trolls
  Grinder (D:3)
  Sigmund (D:6)
  A wyvern (D:10)
  6 yaks (D:9)
  3 wraiths
  Eustachio (D:6)
  A steam dragon (D:8)
  The ghost of Drago the Grave Robber, an amateur GnWn (D:6)
  Menkaure (D:6)
  4 wargs
  An acid dragon (D:11)
  A water moccasin (D:7)
  7 orc warriors
  A sky beast (D:5)
  A black bear (D:6)
  An ice beast (D:6)
  A phantom (D:5)
  6 centaurs
  3 kobold brigands
  A bullfrog (D:7)
  A wyvern zombie (D:8)
  6 scorpions
  2 jellies (D:4)
  2 wyvern skeletons (D:7)
  3 killer bees (D:9)
  11 wights
  3 howler monkeys
  An electric eel (D:6)
  A bullfrog zombie (D:6)
  3 centaur zombies
  A hound (D:5)
  4 bullfrog skeletons
  3 centaur skeletons
  7 orc priests
  2 iguanas (D:5)
  12 orc wizards
  Natasha (thrice) (D:2)
  2 hell rats (D:7)
  A killer bee zombie (D:4)
  A howler monkey zombie (D:6)
  9 adders
  A howler monkey skeleton (D:7)
  7 river rats (D:7)
  2 shadow imps
  2 ufetubi
  A worm (D:3)
  32 orcs
  5 bats
  4 endoplasms (D:1)
  3 giant cockroaches
  6 goblins
  2 hobgoblins
  9 jackals
  5 quokkas
  2 ball pythons (D:1)
  2 frilled lizards (D:1)
  18 kobolds
  23 rats
258 creatures vanquished.

Vanquished Creatures (collateral kills)
  Sonja (D:10)
  A wraith (D:10)
  An orc warrior (D:10)
  An orc (D:10)
4 creatures vanquished.

Vanquished Creatures (others)
  5 plants (D:2)
5 creatures vanquished.

Grand Total: 267 creatures vanquished

Notes
Turn   | Place    | Note
-------+----------+-------------------------------------------
     0 | D:1      | Nithhogg the Deep Dwarf Fighter began the quest for the
                  | Orb.
     0 | D:1      | Reached XP level 1. HP: 20/20 MP: 1/1
   247 | D:1      | Reached XP level 2. HP: 27/27 MP: 2/2
   392 | D:1      | Reached skill level 1 in Invocations
   431 | D:1      | Reached skill level 1 in Dodging
   808 | D:2      | Reached XP level 3. HP: 18/34 MP: 2/4
   951 | D:2      | Found a faded altar of an unknown god.
  1298 | D:2      | Noticed Natasha
  1306 | D:2      | Killed Natasha
  1307 | D:2      | Reached XP level 4. HP: 38/42 MP: 5/5
  1601 | D:2      | Noticed Natasha
  1610 | D:2      | Killed Natasha
  1611 | D:2      | Reached skill level 2 in Invocations
  1922 | D:2      | Noticed Natasha
  1940 | D:2      | Killed Natasha
  2058 | D:3      | Noticed Grinder
  2065 | D:3      | Paralysed by Grinder for 3 turns
  2075 | D:3      | Paralysed by Grinder for 5 turns
  2082 | D:3      | Paralysed by Grinder for 7 turns
  2092 | D:3      | Reached XP level 5. HP: 23/49 MP: 6/6
  2095 | D:3      | Killed Grinder
  2096 | D:3      | Reached skill level 3 in Invocations
  2096 | D:3      | Reached XP level 6. HP: 57/57 MP: 6/8
  2159 | D:3      | You fall into a shaft and drop 1 floor!
  2472 | D:3      | Reached skill level 4 in Invocations
  2670 | D:4      | Found a hide-covered altar of Uskayaw.
  2711 | D:4      | Found an opulent altar of Gozag.
  2766 | D:4      | Reached skill level 5 in Armour
  2766 | D:4      | Reached XP level 7. HP: 46/64 MP: 10/10
  2843 | D:4      | Found Yluleod's Assorted Antiques.
  2916 | D:4      | Found a broken altar of Ashenzari.
  3028 | D:5      | Entered Level 5 of the Dungeon
  3217 | D:5      | Found Xeplos's Armour Shoppe.
  3288 | D:5      | Reached skill level 5 in Invocations
  3317 | D:5      | Reached XP level 8. HP: 51/73 MP: 11/11
  3340 | D:5      | Reached skill level 5 in Axes
  3852 | D:6      | Found a basalt altar of Yredelemnul.
  3870 | D:6      | Noticed Menkaure
  3873 | D:6      | Found an ancient bone altar of Kikubaaqudgha.
  3880 | D:6      | Found a transporter.
  3884 | D:6      | Found Arghafal's Armour Shop.
  3922 | D:6      | Found Vuidat Piane's Magic Scroll Emporium.
  3965 | D:6      | Found Komaub's Distillery.
  3984 | D:6      | Reached skill level 5 in Fighting
  4015 | D:6      | Bought a potion of mutation for 88 gold pieces
  4016 | D:6      | Gained mutation: Your muscles are strong. (Str +2) [potion
                  | of mutation]
  4016 | D:6      | Gained mutation: You are agile. (Dex +2) [potion of
                  | mutation]
  4017 | D:6      | Lost mutation: You are agile. (Dex +2) [potion of mutation]
  4017 | D:6      | Lost mutation: Your muscles are strong. (Str +2) [potion of
                  | mutation]
  4017 | D:6      | Gained mutation: Your muscles are strong. (Str +2) [potion
                  | of mutation]
  4017 | D:6      | Gained mutation: You have a beak for a mouth. [potion of
                  | mutation]
  4018 | D:6      | Lost mutation: Your muscles are strong. (Str +2) [potion of
                  | mutation]
  4018 | D:6      | Lost mutation: You have a beak for a mouth. [potion of
                  | mutation]
  4018 | D:6      | Gained mutation: You have very sharp teeth. [potion of
                  | mutation]
  4018 | D:6      | Gained mutation: You evolve. [potion of mutation]
  4047 | D:6      | Reached skill level 6 in Invocations
  4093 | D:6      | Found Togaewa's Antique Weapon Boutique.
  4093 | D:6      | Found a runed translucent gate.
  4094 | D:6      | Found Piengo's Book Boutique.
  4094 | D:6      | Found a runed translucent gate.
  4106 | D:6      | Noticed Drago's ghost (amateur GnWn)
  4107 | D:6      | Found a runed translucent gate.
  4124 | D:6      | Noticed a two-headed ogre
  4131 | D:6      | Killed a two-headed ogre
  4132 | D:6      | Reached skill level 5 in Dodging
  4132 | D:6      | Gained mutation: You passively map the area around you.
                  | [Deep Dwarf growth]
  4132 | D:6      | Reached XP level 9. HP: 51/81 MP: 12/14
  4190 | D:6      | Noticed Sigmund
  4196 | D:6      | Killed Sigmund
  4197 | D:6      | Reached skill level 7 in Invocations
  4227 | D:6      | Found a transporter.
  4503 | D:6      | Noticed Eustachio
  4508 | D:6      | Killed Eustachio
  4554 | D:6      | Gained mutation: You have a pair of small antennae on your
                  | head. [evolution]
  4652 | D:6      | Killed Drago's ghost
  4714 | D:6      | Killed Menkaure
  4738 | D:6      | Reached skill level 8 in Invocations
  4826 | D:7      | Found a staircase to the Ecumenical Temple.
  4852 | Temple   | Entered the Ecumenical Temple
  4914 | Temple   | Became a worshipper of Makhleb the Destroyer
  5128 | D:7      | Found a glowing silver altar of Zin.
  5287 | D:7      | Reached XP level 10. HP: 70/92 MP: 12/12
  5486 | D:7      | Reached * piety under Makhleb
  5737 | D:7      | Identified the +2 leather armour "Lihaw" {rC- rN+ Dex+3}
  5997 | D:8      | Found Kyehao's Antique Armour Shop.
  6004 | D:8      | Found Pytic's Book Shop.
  6045 | D:8      | Found Jutill Nett's Weapon Emporium.
  6104 | D:8      | Found Zyawaizy's Jewellery Emporium.
  6255 | D:8      | Found Qixkadot's Magic Scroll Boutique.
  6381 | D:8      | Lost mutation: You have a pair of small antennae on your
                  | head. [evolution]
  6926 | D:9      | Noticed Erica
  6933 | D:9      | Killed Erica
  6934 | D:9      | Reached skill level 9 in Invocations
  6943 | D:9      | Reached ** piety under Makhleb
  6988 | D:9      | Paralysed by a hornet for 1 turns
  7171 | D:9      | Noticed Maurice
  7181 | D:9      | Killed Maurice
  7231 | D:9      | Noticed a two-headed ogre
  7236 | D:9      | Killed a two-headed ogre
  7237 | D:9      | Reached XP level 11. HP: 80/100 MP: 14/14
  7551 | D:10     | Entered Level 10 of the Dungeon
  7551 | D:10     | Found a staircase to the Lair.
  7598 | D:10     | Reached skill level 10 in Invocations
  7679 | D:10     | Found a staircase to the Orcish Mines.
  7853 | D:10     | Noticed Sonja
  7892 | D:10     | Killed Sonja
  7911 | D:10     | Noticed a two-headed ogre
  7918 | D:10     | Killed a two-headed ogre
  8004 | D:10     | Found a radiant altar of Vehumet.
  8440 | D:11     | Noticed a boulder beetle
  8456 | D:11     | Killed a boulder beetle
  8467 | D:11     | Noticed a two-headed ogre
  8478 | D:11     | Killed a two-headed ogre
  8556 | D:11     | Gained mutation: Your muscles are strong. (Str +2)
                  | [evolution]
  8628 | D:11     | Reached *** piety under Makhleb
  8940 | D:11     | Identified the +9 hand crossbow of Karma {vorpal, rElec
                  | Str+5 Dex-2 Stlth+}
  9012 | D:11     | Noticed a death knight
  9028 | D:11     | Reached skill level 10 in Armour
  9218 | Orc:1    | Entered Level 1 of the Orcish Mines
  9218 | Orc:1    | Noticed an orc warlord
  9218 | Orc:1    | Noticed an orc sorcerer
  9226 | D:10     | Reached skill level 11 in Invocations
  9281 | D:10     | HP: 3/104 [orc warlord/+4 vorpal great sword (29)]
  9281 | D:10     | Slain by an orc warlord

Illustrated notes

Levels and vault maps discovered:
D:1:      dpeg_arrival_pits, layout_loops_ring, ebering_dispersal_statue_hall
D:2:      layout_basic, chequers_ecumenical_altar_lobes, minmay_misc_feat_cross,
          uniq_natasha
D:3:      layout_rooms, uniq_grinder
D:4:      layout_gridville, lemuel_doored_altar, nicolae_ashenzari_panopticon,
          kennysheep_mini, serial_shops, shop, grunt_decor_mini_mirrors
D:5:      kennysheep_six_static_rooms, layout_basic, serial_shops,
          nicolae_shop_window_shopping
D:6:      layout_basic, gammafunk_temple_of_torment, gammafunk_ghost_split,
          serial_shops, shop, nicolae_shop_waterfront, shop, shop, shop,
          kennysheep_generic_room_11, uniq_eustachio, uniq_menkaure,
          uniq_sigmund
D:7:      lemuel_ratsnest, layout_basic, zin_academy, minmay_temple_entry_trees
D:8:      layout_basic, serial_shops, shop, shop, shop, shop,
          nicolae_shop_temple_entry_statues_fountains,
          chequers_serial_rivers_small_b, serial_bayou_pond_c
D:9:      layout_basic, uniq_maurice, uniq_erica
D:10:     layout_roguey, amcnicky_altar_gilded, erik_lair_orcish_takeover,
          david_orc_2, serial_bayou_pond_e, corexii_leaking_fountain, uniq_sonja
D:11:     layout_basic
Temple:   eino_wide_crystal_templ
Orc:1:    layout_caves, uniq_josephine

Skill      XL: |  1  2  3  4  5  6  7  8  9 10 11 |
---------------+----------------------------------+-----
Invocations    | 1 2 3 4 5 6 8 9 11 | 11.0
Dodging        | 1 2 3 4 5 6 8 9 |  9.4
Fighting       | 3 4 5 6 7 8 |  8.4
Axes           | 3 4 6 7 8 9 |  9.8
Armour         | 4 5 6 7 9 10 | 10.1
Shields        | |  3.2

Action                   |  1- 3 |  4- 6 |  7- 9 | 10-12 || total
-------------------------+-------+-------+-------+-------++-------
Melee: War axe           |   105 |   105 |   253 |       ||   463
       Unarmed           |       |    15 |       |       ||    15
       Bite              |       |       |    23 |    44 ||    67
       Battleaxe         |       |       |    36 |   323 ||   359
Invok: Lesser Servant of |       |       |       |     4 ||     4
 Abil: Heal Wounds       |     1 |     5 |    10 |    39 ||    55
Evoke: Wand              |       |       |    14 |       ||    14
  Use: Potion            |       |     2 |     3 |     4 ||     9
       Scroll            |       |     3 |     7 |    14 ||    24
Armor: Scale mail        |    49 |       |       |       ||    49
       Plate armour      |    12 |   113 |   222 |   358 ||   705
       Skin              |     1 |       |       |       ||     1
Dodge: Dodged            |    55 |    46 |   156 |   297 ||   554

Table legend: (Time is in decaauts)
 A = Elapsed time spent in this place.
 B = Non-inter-level travel time spent in this place.
 C = Inter-level travel time spent in this place.
 D = Time resting spent in this place.
 E = Time spent auto-exploring this place.
 F = Levels seen in this place.
 G = Mean time per level.
                   A        B        C        D        E       F      G
               +--------+--------+--------+--------+--------+-----+--------+
         Total |   9579 |   9081 |    498 |    150 |   6469 |  13 |  736.8 |
       Dungeon |   9489 |   9021 |    468 |    150 |   6422 |  11 |  862.6 |
        Temple |     79 |     49 |     30 |      0 |     47 |   1 |   79.0 |
  Orcish Mines |     10 |     10 |      0 |      0 |      0 |   1 |   10.0 |
               +--------+--------+--------+--------+--------+-----+--------+

Top non-repeatable levels by time:
     D:2: 1321 daAuts
     D:7: 1125 daAuts
     D:8: 1008 daAuts
    D:10: 998 daAuts
     D:6: 983 daAuts
     D:5: 845 daAuts
     D:1: 772 daAuts
     D:9: 728 daAuts
    D:11: 699 daAuts
     D:4: 557 daAuts
     D:3: 449 daAuts
  Temple: 79 daAuts
   Orc:1: 10 daAuts
